 Dungeon Sprint DCSS version 0.28-a0-79-g444c7a33f5 (webtiles) character file.

Game seed: 12234234151701165442

9177 Zeldest the Imperceptible (level 11, -23/73 HPs)
             Began as a Vampire Brigand on Aug 2, 2021.
             Was the Champion of Dithmenos.
             Annihilated by an ettin (27 damage)
             ... in the Dungeon (Sprint IX: "|||||||||||||||||||||||||||||").
             The game lasted 00:05:00 (1670 turns).

Zeldest the Imperceptible (Vampire Brigand)         Turns: 1670, Time: 00:05:01

Health: -23/73     AC: 14    Str: 10    XL:     11   Next: 19%
Magic:  18/18      EV: 16    Int: 15    God:    Dithmenos [******]
Gold:   60         SH:  0    Dex: 18    Spells: 10/10 levels left

rFire   . . .      SeeInvis +   n - +6 rapier (distort)
rCold   + + .      Faith    .   (no shield)
rNeg    + + +      Spirit   .   q - +2 ring mail
rPois   ∞          Reflect  .   p - +0 helmet
rElec   .          Harm     .   c - +0 cloak
rCorr   .          Rampage  .   o - +0 pair of gloves
Will    +....      NoTele   +   (no boots) Stlth *********+
                                (no amulet)
HPRegen 0.00/turn               r - +2 ring of protection
MPRegen 0.16/turn               s - +2 ring of protection

@: bloodless, inhibited regen, wreathed by umbra
A: bloodless, fangs 3, see invisible, vampiric 2
a: Bat Form, Revivify, Renounce Religion, Shadow Step, Shadow Form


You were in the Dungeon.
You worshipped Dithmenos.
Dithmenos was exalted by your worship.
You visited 1 branch You collected 60 gold pieces.

Inventory:

Hand Weapons
 a - a +2 dagger
 n - a +6 rapier of distortion (weapon)
Missiles
 d - 10 poisoned darts (quivered)
 e - 2 curare-tipped darts
 g - 2 throwing nets
Armour
 b - a +0 robe
 c - a +0 cloak (worn)
 o - a +0 pair of gloves (worn)
 p - a +0 helmet (worn)
 q - a +2 ring mail (worn)
Jewellery
 r - a +2 ring of protection (left hand)
 s - a +2 ring of protection (right hand)
Scrolls
 j - 2 scrolls of blinking
 l - 2 scrolls of amnesia
 t - 4 scrolls of enchant armour
 u - a scroll of identify
Potions
 f - a potion of brilliance
 i - 4 potions of magic
 k - 6 potions of curing
Miscellaneous
 m - a lightning rod (4/4)


   Skills:
 + Level 10.6 Fighting
 + Level 12.4 Short Blades
 - Level 1.5 Throwing
 + Level 12.3 Dodging
 + Level 22.6 Stealth
 + Level 10.4 Invocations


You had 10 spell levels left.
You didn't know any spells.
Your spell library was empty.

Dungeon Overview and Level Annotations

Branches:
Dungeon (1/1)

Altars:
Cheibriados
Dithmenos
Elyvilon
Fedhas
Gozag
Hepliaklqana
Kikubaaqudgha
Makhleb
Nemelex Xobeh
Okawaru
Qazlal
Ru
Sif Muna
Trog
Uskayaw
Vehumet
Wu Jian
Xom
Yredelemnul
Zin
The Shining One
Beogh
Jiyva
Lugonu


Innate Abilities, Weirdness & Mutations

You do not regenerate when monsters are visible.
You are frail without blood (-20% HP).
You can heal yourself when you bite living creatures.
You are immune to poison.
You have razor-sharp teeth.
You have supernaturally acute eyesight. (SInv)
You are afflicted with vampirism and can become a bat while bloodless.


Message History

The ettin is lightly wounded.
The ettin blinks!
The orc high priest prays to Beogh.
You hit the orc.
The orc is heavily wounded.
The orc high priest mumbles some strange prayers to Beogh.
You puncture the orc!
You kill the orc!
Dithmenos accepts your kill.
An orc wizard comes into view. It is wielding a +0 dagger.
The orc misses you.
The orc wizard moves out of view.
An orc comes into view. It is wielding a +0 dagger.
Things that are here:
a +0 club; 50 gold pieces; an orc corpse The orc shouts!
You puncture the orc!
You kill the orc!
Dithmenos accepts your kill.
You puncture the orc priest!
Space warps horribly around the orc priest!
You kill the orc priest!
Dithmenos accepts your kill.
The orc wizard shouts!
You puncture the ettin!
Space warps horribly around the ettin!
The ettin is moderately wounded.
Your shadow hits the ettin but does no damage.
You hear a shout!
The ettin hits you with a +0 great mace!!
You emit a cloud of dark smoke.
The ettin hits you with a +2 vorpal dire flail!!
* * * LOW HITPOINT WARNING * * *
You emit a cloud of dark smoke.
* * * LOW HITPOINT WARNING * * *
You hit the ettin but do no damage.
The ettin is moderately wounded.
The ettin blinks!
You hit the ettin.
Space warps horribly around the ettin!!
The ettin is severely wounded.
The ettin hits you with a +0 great mace!!
You die...

▓▓▓▓▓▓▓▓▓▓▓▓▓▓▓▓▓▓▓▓▓▓▓▓
.............')C@oo$$o.o
.▓▓▓▓▓▓▓▓▓▓▓▓▓▓▓▓▓▓▓▓▓▓▓▓▓▓▓▓▓▓▓▓
.................................
▓▓▓▓▓▓▓▓▓▓▓▓▓▓▓▓▓▓▓▓▓▓▓▓▓▓▓▓▓▓▓▓▓
.......'!!.....(.....††.†......'÷
.▓▓▓▓▓▓▓▓▓▓▓▓▓▓▓▓▓▓▓▓▓▓▓▓▓▓▓▓▓▓▓▓
.................................
▓▓▓▓▓▓▓▓▓▓▓▓▓▓▓▓▓▓▓▓▓▓▓▓▓▓▓▓▓▓▓▓▓
<...')††..'.....'________________


You could see an ettin and 2 orcs.

Vanquished Creatures
  A hydra (D)
  A two-headed ogre (D)
  3 centaur warriors (D)
  A cyclops (D)
  7 cane toads (D)
  A rime drake (D)
  A kobold demonologist (D)
  A komodo dragon (D)
  A troll (D)
  A hornet (D)
  A tyrant leech (D)
  A yak (D)
  A basilisk (D)
  2 vampire mosquitoes (D)
  4 water moccasins (D)
  A centaur (D)
  2 phantoms (D)
  A kobold brigand (D)
  6 bullfrogs (D)
  A scorpion (D)
  A howler monkey (D)
  An orc priest (D)
  An orc wizard (D)
  A white imp (D)
  3 orcs (D)
  A goblin (D)
  A quokka (D)
  A ball python (D)
  A ball python zombie (D)
  2 rats (D)
51 creatures vanquished.

Notes
Turn   | Place    | Note
-------+----------+-------------------------------------------
     0 | D        | Zeldest the Vampire Brigand began the quest for the Orb.
     0 | D        | Reached XP level 1. HP: 16/16 MP: 1/1
    12 | D        | Reached skill level 6 in Stealth
    14 | D        | Reached skill level 7 in Stealth
    21 | D        | Noticed a scorpion
    21 | D        | Noticed a phantom
    21 | D        | Noticed a phantom
    24 | D        | Reached skill level 9 in Stealth
    24 | D        | Reached XP level 2. HP: 17/17 MP: 2/2
    25 | D        | Killed a scorpion
    26 | D        | Reached skill level 13 in Stealth
    26 | D        | Gained mutation: You are afflicted with vampirism and can
                  | become a bat while bloodless. [Vampire growth]
    26 | D        | Reached XP level 3. HP: 21/21 MP: 3/3
    26 | D        | Reached XP level 4. HP: 26/26 MP: 4/4
    27 | D        | Killed a phantom
    28 | D        | Reached skill level 15 in Stealth
    28 | D        | Reached XP level 5. HP: 30/30 MP: 5/5
    55 | D        | Killed a phantom
    56 | D        | Reached skill level 17 in Stealth
    61 | D        | Found a snail-covered altar of Cheibriados.
    61 | D        | Found a shadowy altar of Dithmenos.
    61 | D        | Found a blossoming altar of Fedhas.
    61 | D        | Found an opulent altar of Gozag.
    62 | D        | Found a hazy altar of Hepliaklqana.
    63 | D        | Found a viscous altar of Jiyva.
    64 | D        | Found an ancient bone altar of Kikubaaqudgha.
    65 | D        | Found a corrupted altar of Lugonu.
    66 | D        | Became a worshipper of Dithmenos the Shadowed
    67 | D        | Found a burning altar of Makhleb.
    68 | D        | Found a sparkling altar of Nemelex Xobeh.
    69 | D        | Found an iron altar of Okawaru.
    70 | D        | Found a stormy altar of Qazlal.
    71 | D        | Found a sacrificial altar of Ru.
    72 | D        | Found a shimmering blue altar of Sif Muna.
    73 | D        | Found a bloodstained altar of Trog.
    74 | D        | Found a hide-covered altar of Uskayaw.
    75 | D        | Found a radiant altar of Vehumet.
    76 | D        | Found an ornate altar of the Wu Jian Council.
    77 | D        | Found a shimmering altar of Xom.
    78 | D        | Found a basalt altar of Yredelemnul.
   252 | D        | Noticed a two-headed ogre
   252 | D        | Noticed a kobold demonologist
   252 | D        | Noticed a hornet
   252 | D        | Noticed a yak
   268 | D        | Killed a two-headed ogre
   269 | D        | Reached skill level 5 in Fighting
   269 | D        | Reached skill level 19 in Stealth
   269 | D        | Reached XP level 6. HP: 40/40 MP: 5/9
   269 | D        | Reached XP level 7. HP: 44/44 MP: 5/10
   272 | D        | Killed a kobold demonologist
   272 | D        | Reached * piety under Dithmenos
   273 | D        | Reached skill level 5 in Invocations
   273 | D        | Reached XP level 8. HP: 51/51 MP: 5/12
   277 | D        | Killed a hornet
   279 | D        | Reached ** piety under Dithmenos
   326 | D        | Noticed a troll
   326 | D        | Noticed a centaur warrior
   326 | D        | Noticed a centaur warrior
   326 | D        | Noticed a centaur warrior
   326 | D        | Noticed a cyclops
   354 | D        | Killed a troll
   354 | D        | Killed a centaur warrior
   355 | D        | Reached skill level 20 in Stealth
   355 | D        | Reached XP level 9. HP: 39/57 MP: 12/14
   377 | D        | Killed a centaur warrior
   377 | D        | Reached *** piety under Dithmenos
   380 | D        | Killed a centaur warrior
   381 | D        | Reached skill level 10 in Short Blades
   381 | D        | Reached skill level 10 in Dodging
   381 | D        | Reached skill level 21 in Stealth
   542 | D        | HP: 1/60 [cyclops (21)]
   543 | D        | Killed a cyclops
   544 | D        | Reached XP level 10. HP: 2/65 MP: 16/16
   984 | D        | Noticed a cane toad
   984 | D        | Noticed a cane toad
   991 | D        | Killed a cane toad
   991 | D        | Reached **** piety under Dithmenos
  1000 | D        | Killed a cane toad
  1011 | D        | Reached ***** piety under Dithmenos
  1165 | D        | Noticed a cane toad
  1165 | D        | Noticed a black mamba
  1165 | D        | Noticed a cane toad
  1168 | D        | Noticed an eight-headed hydra
  1188 | D        | Killed a cane toad
  1191 | D        | Banished a black mamba
  1206 | D        | Reached skill level 22 in Stealth
  1208 | D        | Killed a cane toad
  1209 | D        | Reached skill level 10 in Fighting
  1212 | D        | Killed an eight-headed hydra
  1212 | D        | Reached ****** piety under Dithmenos
  1213 | D        | Reached skill level 10 in Invocations
  1531 | D        | Noticed a cane toad
  1531 | D        | Noticed a cane toad
  1531 | D        | Noticed a cane toad
  1534 | D        | Reached XP level 11. HP: 72/72 MP: 18/18
  1653 | D        | Noticed an ettin
  1658 | D        | Noticed an orc high priest
  1670 | D        | Annihilated by an ettin

Illustrated notes

Levels and vault maps discovered:
D:        linesprint [early_d, line_temple, items_1, d_10, items_2, lair_1,
          lair_end, items_3, orc_1, orc_end, items_4, d_15, swamp_1, shoals_1,
          snake_1, spider_1, d_20, vaults_1, items_5, swamp_end, shoals_end,
          snake_end, spider_end, vaults_end, d_27, items_6, zot_1, zot_end,
          crypt_end, forest_end, elf_end, slime_end, tomb_end, abyss_end,
          pan_hell_end]

Skill      XL: |  1  2  3  4  5  6  7  8  9 10 11 |
---------------+----------------------------------+-----
Stealth        | 9 13 15 19 20 21 22 | 22.6
Fighting       | 5 7 8 10 | 10.6
Short Blades   | 6 7 9 10 12 | 12.4
Dodging        | 6 8 10 11 12 | 12.3
Invocations    | 4 5 7 8 10 | 10.4
Throwing       | |  1.5

Action                   |  1- 3 |  4- 6 |  7- 9 | 10-12 || total
-------------------------+-------+-------+-------+-------++-------
Melee: Dagger            |     7 |    43 |    34 |       ||    84
       Bite              |       |     2 |     4 |     7 ||    13
       Rapier            |       |       |       |    87 ||    87
 Abil: Exsanguinate      |     1 |       |       |       ||     1
Evoke: Wand              |       |       |    10 |       ||    10
       Lightning rod     |       |       |       |     4 ||     4
  Use: Potion            |       |     3 |       |     3 ||     6
       Scroll            |       |       |       |     4 ||     4
 Stab: Sleeping          |     5 |     1 |       |     9 ||    15
       Invisible         |       |     2 |     5 |       ||     7
Armor: Robe              |       |     5 |       |       ||     5
       Ring mail         |       |     1 |    17 |    11 ||    29
Dodge: Dodged            |       |    12 |    26 |    39 ||    77

Table legend: (Time is in decaauts)
 A = Elapsed time spent in this place.
 B = Non-inter-level travel time spent in this place.
 C = Inter-level travel time spent in this place.
 D = Time resting spent in this place.
 E = Time spent auto-exploring this place.
 F = Levels seen in this place.
 G = Mean time per level.
                   A        B        C        D        E       F      G
               +--------+--------+--------+--------+--------+-----+--------+
         Total |   1598 |   1598 |      0 |   1060 |      0 |   1 | 1598.0 |
       Dungeon |   1598 |   1598 |      0 |   1060 |      0 |   1 | 1598.0 |
               +--------+--------+--------+--------+--------+-----+--------+

Top non-repeatable levels by time:
       D: 1598 daAuts
